cohdb
Replays
Latest Replays
All Replays
Popular Replays
Top Player Replays
Match Explorer
How It Works
Community
CoH3 Stats
Reddit
Sign in to upload your games and track your stats! →
Sign in with Steam
Match 40997516
Unlisted
Match 40997516
Overview
Messages
Build Orders
End
Royal Engineer Section
Royal Engineer Section
Selects Air and Sea Battlegroup
Selects Air and Sea Battlegroup
Construct Field Infirmary
Selects Supply Surplus
Construct Resource Cache
Construct Resource Cache
Construct Resource Cache
Construct Resource Cache
Construct Field Infirmary
Construct Resource Cache
Construct Resource Cache
Construct Resource Cache
Construct Section Command Post
Construct Platoon Command Post
Selects Commando Section Paradrop
Selects Commando Support Section Paradrop
Construct Company Command Post
Unlock M3 Grant Medium Tanks
Construct Resource Cache
Construct Resource Cache
Construct Resource Cache
M3 Grant Medium Tank
Royal Engineer Section
Construct Resource Cache
Construct Field Infirmary
Construct Resource Cache
Selects Incendiary Bombing Run
Construct Resource Cache
Construct Resource Cache
Incendiary Bombing Run
Construct Resource Cache
M3 Grant Medium Tank
Selects UNKNOWN (223837)
Incendiary Bombing Run
M3 Grant Medium Tank
Incendiary Bombing Run
Selects Naval Bombardment
Naval Bombardment
M3 Grant Medium Tank
Royal Engineer Section
M3 Grant Medium Tank
Construct Resource Cache
Construct Resource Cache
Incendiary Bombing Run
Royal Engineer Section
Construct Resource Cache
Construct Resource Cache
Incendiary Bombing Run
M3 Grant Medium Tank
qinfuyin
ritchie18911
Ordena JR
kyle777
iceman
Angry Fat Dude
Immer nach vorn
Hans Sturm DE
0
0
Comments
sign in to comment!
No comments posted yet!